cohdb
Replays
Latest Replays
All Replays
Popular Replays
Top Player Replays
Match Explorer
How It Works
Community
CoH3 Stats
Reddit
Sign in to upload your games and track your stats! →
Sign in with Steam
Match 46270372
Unlisted
Match 46270372
Overview
Messages
Build Orders
End
Engineer Squad
Construct Barracks
1⁄4-ton 4x4 Truck
Selects Airborne Battlegroup
Selects Heavy Machine Gun Paradrop
Heavy Machine Gun Paradrop
Mechanized Support Center
Selects Paratrooper Squad Paradrop
Paratrooper Squad Paradrop
Construct Weapon Support Center
Selects Recon Loiter
Paratrooper Squad Paradrop
Paratrooper Squad Paradrop
Paratrooper Squad Paradrop
Recon Loiter
Construct Tank Depot
M4A1 Sherman Medium Tank
Improvised Armor
Selects Supply Drop
Supply Drop
Selects Carpet Bombing Run
M4A1 Sherman Medium Tank
Carpet Bombing Run
Esxile
Lizenz
MarcusGOW
BeMo
0
0
Comments
sign in to comment!
No comments posted yet!